AoeStats
← Ozymandias

Arabia

503192203Analyzed
1v1 RM · 2mo ago on Aug 30, 2026· 38m 14s· 2 players
Game mode
Random Map
Map size
Tiny (2 player)
Population
200
Speed
Normal
Resources
Standard
Victory
Conquest
Starting age
Dark Age
Ending age
Imperial Age
RankedLock teamsTeams togetherTeam positionsShared explorationLock speedFull tech treeHidden civsTurbo modeCheats
Victory
Defeat
🇺🇸 Khitans · United States
1048
+15
vs
🇹🇷 Vikings · Türkiye
1029
-15
Ozymandias
7:31 Loom
9:47 Feudal Age
13:08 Fletching
20:00 Horse Collar
25:19 Castle Age
23:30 Double-Bit Axe
27:52 Scale Barding Armor
30:01 Chain Barding Armor
32:46 Crossbowman
33:37 Bodkin Arrow
35:52 Town Watch
InvisibleMan
6:18 Loom
9:26 Feudal Age
10:04 Double-Bit Axe
10:39 Domestication
21:08 Castle Age
19:36 Gold Mining
19:46 Fletching
19:57 Padded Archer Armor
20:21 Scale Barding Armor
29:22 Bodkin Arrow
29:41 Pastoralism
29:57 Bow Saw
33:03 Imperial Age
31:50 Leather Archer Armor
32:38 Forging
33:27 Ballistics
34:12 Bracer
35:09 Ring Archer Armor
36:07 Stone Mining
36:54 Wheelbarrow
36:05 Town Watch
37:11 Husbandry
38:44 Thumb Ring
Connection lost

Rejoining the realm…

Still unreachable

The connection could not be restored.

Session expired

The server has moved on; the page needs a fresh start.